 Dungeon Crawl Stone Soup version 0.31.0-12-g77e489cdc1 (webtiles) character file.

Game seed: 3980617275226332310

103 lordive the Ruffian (level 4, -1/32 HPs)
             Began as a Demonspawn Shapeshifter on Mar 2, 2024.
             Incinerated by a bombardier beetle (4 damage)
             ... with a burning spray
             ... on level 2 of the Dungeon.
             The game lasted 00:02:52 (2195 turns).

lordive the Ruffian (Demonspawn Shapeshifter)       Turns: 2195, Time: 00:02:53

Health: -1/32      AC:  4    Str: 14    XL:     4   Next: 51%
Magic:  0/4        EV: 12    Int: 13    God:
Gold:   87         SH:  0    Dex: 12    Spells: 3/3 levels left

rFire   . .          .
                       - Unarmed
rCold   . . .        (no shield)
rNeg    . . .        a - +0 animal skin
rPois   .            (helmet currently unavailable)
rElec   .            (cloak currently unavailable)
rCorr   .            (gloves currently unavailable)
SInv    .            (boots currently unavailable)
Will    .....        (no amulet)
Stlth   +            (no ring)
HPRegen 0.25/turn    (no ring)
MPRegen 0.18/turn

%: guardian spirit
@: on fire, beast-form, glowing
A: beast (slay +2), slimy green scales 1, magic shield, magic regeneration
a: Begin Untransformation


You were on level 2 of the Dungeon.
You were a hulking beast.
You visited 1 branch of the dungeon, and saw 3 of its levels.

You collected 87 gold pieces.

Inventory:

Armour
 a - a +0 animal skin (worn)
Jewellery
 n - an amulet of the acrobat
Talismans
 c - a beast talisman
 d - a flux talisman
Scrolls
 e - a scroll of torment {unknown}
 i - a scroll of identify {unknown}
 l - a scroll of amnesia {unknown}
 m - a scroll of fear {unknown}
Potions
 b - a potion of degeneration {unknown}
 f - a potion of enlightenment {unknown}
 g - a potion of curing {unknown}
 h - 2 potions of might {unknown}
 j - a potion of haste {unknown}
 k - a potion of resistance {unknown}


   Skills:
 + Level 1.1 Fighting
 + Level 2.1 Dodging
 + Level 3.8 Unarmed Combat
 * Level 3.6 Shapeshifting


You had 3 spell levels left.
You didn't know any spells.
Your spell library contained the following spells:

 Spells                   Type           Power      Damage    Failure   Level
 Mercury Vapours          Alch/Air       0%         N/A       43%         2
 Mephitic Cloud           Conj/Alch/Air  0%         N/A       67%         3
 Freezing Cloud           Conj/Ice/Air   0%         6-21      100%        5


Dungeon Overview and Level Annotations

Branches:
Dungeon (3/15)

Altars:


Innate Abilities, Weirdness & Mutations

You are a hulking beast.
Your limbs bulge with bestial killing power. (Slay +2)
You are partially covered in slimy green scales. (AC +2)
When hurt, damage is shared between your health and your magic reserves.
You regenerate magic rapidly.


Message History

Found an escape hatch in the ceiling.
Terence attacks as he pursues you! Terence closely misses you.
A ball python comes into view.
Terence attacks as he pursues you! Terence hits you with a +0 morningstar!
* * * LOW HITPOINT WARNING * * *
The ball python hisses angrily.
Terence attacks as he pursues you! Terence closely misses you.
The ball python bites you but does no damage.
The ball python grabs you. The ball python constricts you.
You escape the ball python's grasp.
The ball python misses you. The ball python grabs you.
The ball python constricts you.
The ball python bites you but does no damage.
The ball python constricts you.
You escape the ball python's grasp.
Terence attacks as he pursues you! Terence closely misses you.
Terence falls through a shaft!
The shaft crumbles and collapses.
Things that are here:
a +2 dagger of protection; a +0 short sword; an orc corpse
There is a stone staircase leading up here.
You closely miss the ball python. The ball python closely misses you. x2
The ball python misses you. The ball python barely misses you.
You hit the ball python.
You kill the ball python!
Things that are here:
a +2 dagger of protection; a +0 short sword; an orc corpse The bombardier beetle sprays incendiary fluid at you.
The burning spray hits you.
You are covered in liquid fire!
There is a stone staircase leading up here.
The liquid fire burns you!
* * * LOW HITPOINT WARNING * * *
You shake off some of the fire as you move.
You climb upwards.
The liquid fire burns you!
* * * LOW HITPOINT WARNING * * *
There is a stone staircase leading down here.
You shake off some of the fire as you move.
The liquid fire burns you!
You die...

#########.###.#######.#.#########
#(......#.###.........#.# #
#.....#.#....##########.# #
........####.# #.....#.#
.#####..##.#.# #.###.#.#
##...##....#.####.#.#.#.#
#.....#..#.#......#...#.#
'.)†..#..#.#####>.#####.#
#.....#..#......h.....#.#
##...##..#######..###.#.#########
.#####................#..........
.......##########################
#.....## #..................
###..##########.#################
##..........#.# ####.#####.#.#
#.#...#.#.#


There were no monsters in sight!

Vanquished Creatures
  Jessica (D:2)
  3 adders
  A dart slug (D:1)
  An orc (D:3)
  4 ball pythons
  4 bats
  3 endoplasms
  2 giant cockroaches (D:1)
  A goblin (D:1)
  6 hobgoblins
  3 jackals (D:3)
  7 kobolds
  4 quokkas
  2 frilled lizards
  2 rats (D:1)
44 creatures vanquished.

Notes
Turn   | Place    | Note
-------+----------+-------------------------------------------
     0 | D:1      | lordive the Demonspawn Shapeshifter began the quest for the
                  | Orb.
     0 | D:1      | Reached XP level 1. HP: 15/15 MP: 1/1
   227 | D:1      | Gained mutation: You regenerate magic rapidly. [demonic
                  | ancestry]
   227 | D:1      | Reached XP level 2. HP: 4/21 MP: 2/2
   708 | D:1      | Gained mutation: You are partially covered in slimy green
                  | scales. (AC +2) [demonic ancestry]
   708 | D:1      | Reached XP level 3. HP: 25/26 MP: 3/3
  1202 | D:2      | Noticed Jessica
  1221 | D:2      | Killed Jessica
  1222 | D:2      | Gained mutation: When hurt, damage is shared between your
                  | health and your magic reserves. [demonic ancestry]
  1222 | D:2      | Reached XP level 4. HP: 3/32 MP: 4/4
  2162 | D:3      | Noticed Terence
  2195 | D:2      | Incinerated by a bombardier beetle

Illustrated notes

Levels and vault maps discovered:
D:1:      scummos_arrival_checkerplants, layout_basic
D:2:      layout_basic, kennysheep_jessica_study
D:3:      layout_rooms, nicolae_qazlal_beasts_of_the_sky,
          grunt_nemelex_the_gamble, minmay_misc_feat_chi, uniq_jessica,
          uniq_terence, uniq_ijyb

Skill      XL: |  1  2  3 |
---------------+----------+-----
Shapeshifting  | 3 |  3.6
Unarmed Combat | 3 |  3.8
Dodging        | 2 |  2.1
Fighting       | |  1.1

Action                     |  1- 3 |  4- 6 || total
---------------------------+-------+-------++-------
  Melee: Unarmed           |    93 |    50 ||   143
         Punch             |     1 |       ||     1
    Use: Potion            |     1 |       ||     1
   Stab: Sleeping          |       |     1 ||     1
 Armour: Animal skin       |    34 |    22 ||    56
         Skin              |     6 |       ||     6
  Dodge: Dodged            |    59 |    33 ||    92
